 Dungeon Crawl Stone Soup version 0.19.1 (webtiles) character file.

137 CDDA the Shield-Bearer (level 5, 41/41 HPs)
             Began as a Demonspawn Fighter on Dec 28, 2016.
             Quit the game on level 3 of the Dungeon.
             The game lasted 00:02:25 (1733 turns).

CDDA the Shield-Bearer (Demonspawn Fighter)         Turns: 1733, Time: 00:02:25

Health: 41/41      AC:  9    Str: 18    XL:     5   Next: 0%
Magic:  5/5        EV: 11    Int:  9    God:
Gold:   92         SH:  9    Dex: 12    Spells: 0 memorised, 4 levels left

rFire  . . .     SeeInvis .     q - +1 spear (pierce)
rCold  . . .     Gourm    .     r - +2 leather armour
rNeg   . . .     Faith    .     c - +0 shield
rPois  .         Spirit   .     k - +0 helmet
rElec  .         Reflect  .     (no cloak)
rCorr  .         Harm     .     (no gloves)
MR     .....                    (no boots)
Stlth  +.........               (no amulet)
                                (no ring)
                                e - +3 ring of evasion

@: drained
A: talons 1, icy blue scales 2
a: no special abilities


You were on level 3 of the Dungeon.
You were not hungry.

You visited 1 branch of the dungeon, and saw 3 of its levels.

You collected 92 gold pieces.

Inventory:

Hand Weapons
 a - a +0 trident
 q - a +1 spear of piercing (weapon)
Armour
 c - a +0 shield (worn)
 k - a +0 helmet (worn)
 r - a +2 leather armour (worn)
Jewellery
 e - a +3 ring of evasion (left hand)
Wands
 s - a wand of confusion (37/48)
Scrolls
 o - a scroll of noise
Potions
 d - a potion of might
 p - a potion of lignification {unknown}
 t - a potion of agility {unknown}
Comestibles
 f - 2 bread rations
 h - a meat ration
 l - 3 chunks of flesh
 m - a beef jerky


   Skills:
 - Level 3.0(2.4) Fighting
 + Level 3.5(2.9) Polearms
 - Level 2.6(2.1) Armour
 + Level 4.1(3.5) Shields


You had 4 spell levels left.
You didn't know any spells.

Dungeon Overview and Level Annotations

Branches:
Dungeon (3/15)

Altars:
Xom
Yredelemnul
The Shining One


Innate Abilities, Weirdness & Mutations

You have sharp toenails.
You are mostly covered in icy blue scales. (AC +3)


Message History

Are you sure you want to cancel this blink?
Okay, then.
As you read the scroll labeled RUPLEL MATASH, it crumbles to dust.
It was a scroll of blinking.
Some of the chunks of flesh in your inventory have rotted away.
As you read the scroll labeled XYBUTU CIXZUI, it crumbles to dust.
It is a scroll of enchant weapon.
Your +0 spear of piercing glows red for a moment.
You block the goblin's attack.
As you read the scroll labeled ECOYCZI GILLI, it crumbles to dust.
You experience a momentary feeling of inescapable doom!
It was a scroll of random uselessness.
You block the goblin's attack.
There are monsters nearby!
You puncture the goblin!
You kill the goblin!
You have reached level 5!
Your demonic ancestry asserts itself...
Your toenails lengthen and sharpen.
A gnoll comes into view. It is wielding a club.
Are you sure you want to abandon this character and quit the game? (Confirm with "yes".)

#....###....#...#...#.......
#.........#...#...#...#..>..
#.#.....##..#...#...#.......
#.#.##.#####..#...#........#
#.#.###.###.....#..#####...#
#......#....##..## #####
######..##### . # #
#.#######g.. # #...@r.....#
# #########.## #


You could see a gnoll and a rat.

Vanquished Creatures
  Ijyb (D:2)
  3 gnolls
  2 adders (D:2)
  An ooze (D:1)
  2 dart slugs (D:1)
  A leopard gecko (D:2)
  4 orcs (D:3)
  A ball python (D:1)
  3 giant cockroaches
  2 gnoll zombies (D:2)
  3 goblins
  3 hobgoblins
  8 jackals
  3 kobolds
  A quokka (D:2)
  4 bats
  6 frilled lizards
  5 rats
53 creatures vanquished.

Notes
Turn   | Place    | Note
-------+----------+-------------------------------------------
     0 | D:1      | CDDA the Demonspawn Fighter began the quest for the Orb.
     0 | D:1      | Reached XP level 1. HP: 18/18 MP: 1/1
   205 | D:1      | Gained mutation: You are partially covered in icy blue scales. (AC +2) [demonic ancestry]
   205 | D:1      | Reached XP level 2. HP: 24/24 MP: 2/2
   234 | D:1      | Reached skill level 3 in Shields
   442 | D:1      | Found a shimmering altar of Xom.
   592 | D:1      | Gained mutation: You are mostly covered in icy blue scales. (AC +3) [demonic ancestry]
   592 | D:1      | Reached XP level 3. HP: 29/29 MP: 3/3
   813 | D:2      | Found a basalt altar of Yredelemnul.
  1099 | D:2      | Reached XP level 4. HP: 33/35 MP: 4/4
  1316 | D:2      | Noticed Ijyb
  1348 | D:2      | Killed Ijyb
  1502 | D:3      | Reached skill level 4 in Shields
  1623 | D:3      | Found a glowing golden altar of the Shining One.
  1732 | D:3      | Gained mutation: You have sharp toenails. [demonic ancestry]
  1732 | D:3      | Reached XP level 5. HP: 41/41 MP: 5/5
  1733 | D:3      | Quit the game

Skill      XL: |  1  2  3  4 |
---------------+-------------+-----
Polearms       | 2 3 |  3.5
Shields        | 3 4 |  4.1
Fighting       | |  3.0
Armour         | |  2.6

Action                   |  1- 3 |  4- 6 || total
-------------------------+-------+-------++-------
Melee: Trident           |   130 |    75 ||   205
       Spear             |       |    18 ||    18
  Use: Scroll            |       |     7 ||     7
  Eat: Chunk             |     1 |     2 ||     3
Armor: Scale mail        |    47 |    20 ||    67
       Leather armour    |       |     9 ||     9
Dodge: Dodged            |    43 |    35 ||    78
Block: Shield            |    38 |    47 ||    85
